 Dungeon Crawl Stone Soup version bcrawl-1.31.4 (webtiles) character file.

Game seed: 16080728491856877122

522662 Morbidden the Warrior (level 17, -1/160 HPs)
             Began as a Hill Orc Archaeologist on June 8, 2021.
             Was the Champion of Okawaru.
             Killed from afar by a frost giant (19 damage)
             ... with a freezing blast
             ... summoned by a boggart
             ... on level 2 of the Vaults on June 9, 2021.
             The game lasted 00:39:37 (27189 turns).

Morbidden the Warrior (Hill Orc Archaeologist)     Turns: 27189, Time: 00:39:37

Health: -1/160     AC: 41    Str: 21    XL:     17   Next: 18%
Magic:  23/23      EV: 25    Int: 14    God:    Okawaru [******]
Gold:   2363       SH:  0    Dex: 11    Spells: 16/16 levels left

rFire    . . .     SeeInvis +   Z - +10 quarterstaff "ETAOIN SHRDLU" {vamp, MR++}
rCold    . . .     Gourm    .   (shield currently unavailable)
rNeg     . . .     Faith    .   h - +15 Maxwell's patent armour {-Cast -Tele rElec MR+ rCorr}
rPois    .         Spirit   .   d - +2 helmet {SInv}
rElec    +         Reflect  .   N - +0 cloak
rCorr    +         Harm     .   P - +0 pair of gloves
MR       +++++     NoTele   +   X - +2 pair of boots {Stlth++} Stlth +.........NoCast +
                                q - amulet of the acrobat
HPRegen  0.36/turn              (no ring)
MPRegen  0.18/turn              a - ring of protection from magic

@: lightly drained
A: talons 1, agile 1, blink, low mp 1
a: Blink, Heroism, Finesse, Renounce Religion


You were on level 2 of the Vaults.
You worshipped Okawaru.
Okawaru was exalted by your worship.
You were hungry.

You visited 6 branches of the dungeon, and saw 23 of its levels.

You collected 2577 gold pieces.
You spent 214 gold pieces at shops.

Inventory:

Hand Weapons
 G - a +0 broad axe of chopping
 W - a +2 scimitar of electrocution
 Z - the +10 quarterstaff "ETAOIN SHRDLU" (weapon) {vamp, MR++}
   (You found it on level 6 of the Lair of Beasts)

   It inflicts no extra harm, but heals its wielder when it wounds a living foe.
   It affects your resistance to hostile enchantments.
Missiles
 b - 110 steel javelins
 m - 587 poisoned tomahawks
 n - 3 throwing nets {=f}
 C - 533 javelins (quivered)
 F - 120 exploding tomahawks
 R - 66 tomahawks of dispersal {=f}
Armour
 d - a +2 helmet of see invisible (worn)
 h - the +15 Maxwell's patent armour (worn) {-Cast -Tele rElec MR+ rCorr}
   (You acquired it on level 2 of the Dungeon)

   It insulates you from electricity.
   It affects your resistance to hostile enchantments.
   It prevents spellcasting.
   It prevents most forms of teleportation.
   It provides partial protection from all sources of acid and corrosion.
 N - a +0 cloak (worn)
 P - a +0 pair of gloves (worn)
 X - a +2 pair of boots of stealth (worn)
Jewellery
 a - a ring of protection from magic (right hand)
 q - an amulet of the acrobat (around neck)
 r - the cursed ring "Ekoqum" {Ice +Inv}
   (You took it off Fannar on level 11 of the Dungeon)

   [ring of ice]

   It enhances your ice magic.
   It makes you vulnerable to fire.
   It protects you from cold.
   It lets you turn invisible.
   It has a curse placed upon it.
Wands
 c - a wand of disintegration (13)
 w - a wand of flame (39)
 D - a wand of paralysis (12)
 I - a wand of acid (5)
 O - a wand of iceblast (5)
 S - a wand of scattershot (7)
Scrolls
 g - 5 scrolls of magic mapping
 i - 7 scrolls of identify
 l - 12 scrolls of remove curse
 s - 2 scrolls of blinking
 t - 5 scrolls of enchant armour
 y - 3 scrolls of fear
 H - 9 scrolls of teleportation
 J - a scroll of fog
 T - a scroll of amnesia
Potions
 j - 7 potions of haste
 k - 3 potions of mutation
 o - 5 potions of lignification
 p - 4 potions of ambrosia {unknown}
 u - 6 potions of curing
 x - 4 potions of agility
 z - 3 potions of brilliance {unknown}
 A - 3 potions of resistance {unknown}
 B - 2 potions of invisibility {unknown}
 E - 4 potions of might
 U - 4 potions of flight
Comestibles
 e - 22 rations {!d}
 f - 4 chunks of flesh


   Skills:
 * Level 16.8(16.5) Fighting
   Level 16.8(16.5) Short Blades
   Level 16.8(16.5) Long Blades
   Level 16.8(16.5) Axes
   Level 16.8(16.5) Maces & Flails
   Level 16.8(16.5) Polearms
   Level 16.8(16.5) Staves
 * Level 9.4(9.1) Throwing
 + Level 14.0(13.7) Armour
 * Level 7.6(7.4) Dodging
 + Level 6.9(6.7) Stealth
   Level 16.8(16.5) Unarmed Combat
 * Level 11.5(11.2) Invocations
 * Level 7.5(7.2) Evocations


You had 16 spell levels left.
You didn't know any spells.
Your spell library contained the following spells:

 Spells                   Type           Power        Failure   Level  Hunger
 Apportation              Tloc           #.....       97%         1    None
 Corona                   Hex            #......      97%         1    None
 Flame Tongue             Conj/Fire      #....        97%         1    None
 Infusion                 Chrm           #.......     97%         1    None
 Sandblast                Erth           #.....       97%         1    None
 Slow                     Hex            #.......     97%         1    None
 Summon Butterflies       Summ           #.......     97%         1    None
 Summon Small Mammal      Summ           #...         97%         1    None
 Call Imp                 Summ           #.....       99%         2    ####...
 Ensorcelled Hibernation  Hex/Ice        #.....       99%         2    ####...
 Flaming Arrows           Chrm/Fire      #.......     99%         2    ####...
 Song of Slaying          Chrm           #.......     99%         2    ####...
 Swiftness                Chrm/Air       #.......     99%         2    ####...
 Call Canine Familiar     Summ           #.......     100%        3    #####..
 Confuse                  Hex            #.......     100%        3    #####..
 Conjure Flame            Conj/Fire      #.......     100%        3    #####..
 Dazzling Orbs            Conj/Hex       #......      100%        3    #####..
 Inner Flame              Hex/Fire       N/A          100%        3    #####..
 Ozocubu's Armour         Chrm/Ice       #.......     100%        3    #####..
 Regeneration             Chrm/Necr      #.........   100%        3    #####..
 Spectral Weapon          Hex/Chrm       #.......     100%        3    #####..
 Tukima's Dance           Hex            #.......     100%        3    #####..
 Cause Fear               Hex            #.........   100%        4    ######.
 Sticky Flame             Conj/Fire      #.......     100%        4    ######.
 Summon Ice Beast         Ice/Summ       #.......     100%        4    ######.
 Fireball                 Conj/Fire      #.........   100%        5    #######
 Summon Lightning Spire   Summ/Air       #.......     100%        5    #######


Dungeon Overview and Level Annotations

Branches:
Dungeon (12/12)            Temple (1/1) D:7            Lair (6/6) D:8
 Shoals (0/3) Lair:4       Spider (1/3) Lair:2        Slime (0/5) Lair:5
    Orc (1/1) D:11            Elf (0/3) Orc          Vaults (2/3) D:11
 Depths (0/5) D:12
  Crypt: Vaults:1-2

Altars:
Ashenzari
Cheibriados
Dithmenos
Elyvilon
Fedhas
Gozag
Hepliaklqana
Kikubaaqudgha
Lugonu
Makhleb
Nemelex Xobeh
Okawaru
Qazlal
Ru
Sif Muna
Trog
Uskayaw
Vehumet
Wu Jian
Xom
Yredelemnul
Zin
The Shining One
Jiyva

Shops:
D:9 [   D:10 [   Orc *?(}   Vaults:1 [

Portals:
Hell: Lair:6

Annotations:
D:2 1 runed door
Lair:5 exclusion: 2 oklob plants


Innate Abilities, Weirdness & Mutations

You have sharp toenails.
You are agile. (Dex +2)
You can translocate small distances at will.
Your magical capacity is low. (-10% MP)


Message History

No path to travel!
The centaur warrior wields a +0 shortbow.
The centaur warrior shoots an arrow.
The arrow hits you but does no damage.
The arrow dissolves into shadows!
The centaur warrior shoots an arrow.
The arrow hits you but does no damage.
The arrow dissolves into shadows!
Okay, then.
The centaur warrior shoots an arrow.
The arrow misses you.
The arrow dissolves into shadows!
The sixfirhy disappears in a puff of smoke!
The centaur warrior shoots an arrow.
The arrow misses you.
The arrow dissolves into shadows!
The centaur warrior shoots an arrow.
The arrow misses you.
The arrow dissolves into shadows!
The deep elf knight unwields a +0 short sword.
The deep elf knight wields a +0 shortbow.
The deep elf knight shoots an arrow.
The arrow misses you.
The arrow dissolves into shadows!
The frost giant casts a spell at you.
The freezing blast explodes!
The freezing blast engulfs you!!
You die...

###########.n.#
#.ec#
###########C..#
..........#...#
...(......'...#
..........#...#
..........#...#
..........#...#
.........)#@..#
..........)...#
.........)#...#
###########...#
#...# #...#
#...# #...#
#...#


You could see a frost giant, a centaur warrior and a deep elf knight
(invisible).

Vanquished Creatures
  Kirke (Lair:3)
  5 vault wardens
  A deep elf sorcerer (Vaults:2)
  6 very ugly things
  7 ironheart preservers
  3 dire elephants (Vaults:1)
  Urug (Orc)
  7 hydras
  A fire dragon (Vaults:1)
  Fannar (D:11)
  Harold (Lair:2)
  5 vault guards (Vaults:1)
  2 rakshasas (D:12)
  A great orb of eyes (Vaults:1)
  3 catoblepae
  A death knight (Vaults:1)
  Erica (D:11)
  2 ogre magi
  12 two-headed ogres
  12 centaur warriors
  An ironheart beastmaster (Vaults:1)
  3 orc high priests
  2 deep elf knights (Vaults:2)
  A sun demon (Lair:6)
  2 deep trolls (Vaults:1)
  A fire crab (Lair:6)
  A goliath frog (Lair:4)
  2 glowing orange brains
  5 orc knights
  A cyclops (Vaults:1)
  6 ironheart convokers (Vaults:1)
  A necromancer (Lair:3)
  4 wizards
  A wolf spider zombie (D:11)
  An orb spider (Spider:1)
  A manticore (Lair:6)
  3 deep elf magi (Vaults:2)
  A salamander (shapeshifter) (D:12)
  6 ugly things
  4 orc sorcerers
  4 centaur zombies
  A merfolk siren (Lair:4)
  6 black mambas
  10 elephants
  A gargoyle (D:10)
  5 vault sentinels (Vaults:1)
  A torpor snail (Lair:5)
  A black mamba (shapeshifter) (D:12)
  A torpor snail (shapeshifter) (D:12)
  2 orange demons (Lair:6)
  A centaur skeleton (D:9)
  7 rime drakes
  13 cane toads
  9 komodo dragons
  A redback zombie (D:12)
  6 yaktaurs
  2 freezing wraiths
  2 kobold demonologists
  A tengu conjurer (D:12)
  A hellwing (Lair:6)
  3 ice devils (Lair:6)
  A red devil (Lair:6)
  A queen bee (shapeshifter) (D:12)
  2 jumping spiders (Lair:2)
  8 trolls
  11 slime creatures
  9 blink frogs
  8 dream sheep
  8 hippogriffs
  2 wraiths
  A spriggan (D:10)
  A shadow (D:12)
  A redback (Lair:2)
  Eustachio (D:4)
  A vampire (D:11)
  47 yaks
  3 fire bats (Lair:3)
  2 hungry ghosts (D:11)
  6 basilisks
  2 humans (D:9)
  A steam dragon (D:8)
  4 hogs (Lair:3)
  A warg (Orc)
  16 crocodiles
  Edmund (D:4)
  8 porcupines
  15 water moccasins
  4 hell hounds (Lair:6)
  An ice beast (D:5)
  22 orc warriors
  5 sky beasts
  A necrophage (D:8)
  9 ogres
  4 phantoms
  6 wolves (Lair:2)
  2 boggarts (Vaults:2)
  8 centaurs
  10 bullfrogs
  Blork the orc (D:6)
  3 big kobolds
  A water moccasin skeleton (D:3)
  3 scorpions
  A troll zombie (D:11)
  7 wights (D:12)
  6 killer bees
  2 howler monkeys
  10 crimson imps
  A bullfrog zombie (D:6)
  A quasit (D:7)
  6 hounds
  A hound (shapeshifter) (D:12)
  3 jellies
  16 orc priests
  7 iguanas
  18 orc wizards
  8 worker ants
  4 polar bear simulacra (Lair:3)
  3 yak simulacra (Lair:3)
  A wolf simulacrum (Lair:3)
  5 ogre zombies (D:11)
  3 hound skeletons (D:3)
  A howler monkey zombie (D:3)
  2 worker ant zombies (D:3)
  16 adders
  4 gnolls (D:3)
  2 shadow imps
  9 oozes
  An adder zombie (D:6)
  3 adder skeletons
  3 worms
  2 dart slugs
  8 leopard geckos
  49 orcs
  5 giant cockroaches
  4 goblins
  19 hobgoblins
  10 jackals
  5 quokkas
  2 ball pythons
  7 bats
  4 frilled lizards
  2 goblin skeletons (D:11)
  2 goblin zombies (D:11)
  2 hobgoblin skeletons (D:11)
  2 hobgoblin zombies (D:11)
  2 jackal skeletons
  22 kobolds
  11 orc zombies (D:11)
  4 quokka skeletons
  6 rats
  3 river rat simulacra (Lair:3)
  A fungus (Lair:1)
  A plant (Lair:2)
756 creatures vanquished.

Vanquished Creatures (others)
  A phantom (D:5)
  A centaur zombie (D:5)
  An orc priest (Orc)
  An orc wizard (Orc)
  An orc (D:5)
  4 fungi
  2 plants
  11 toadstools (D:2)
22 creatures vanquished.

Grand Total: 778 creatures vanquished

Notes
Turn   | Place    | Note
-------+----------+-------------------------------------------
     0 | D:1      | Morbidden the Hill Orc Archaeologist began the quest for
                  | the Orb.
     0 | D:1      | Reached XP level 1. HP: 16/16 MP: 1/1
   390 | D:1      | Reached XP level 2. HP: 19/23 MP: 2/2
  1017 | D:1      | Reached XP level 3. HP: 28/28 MP: 3/3
  1654 | D:2      | Found a runed door.
  1744 | D:2      | Reached XP level 4. HP: 29/36 MP: 4/4
  1859 | D:2      | Found a shattered altar of Ashenzari.
  2215 | D:2      | Reached skill level 2 in Fighting
  2348 | D:2      | Reached XP level 5. HP: 29/42 MP: 5/5
  2348 | D:2      | Identified a scroll of acquirement
  2348 | D:2      | Identified the ring "Suqexiw" {rElec Str+4} (You acquired
                  | it on level 2 of the Dungeon)
  2349 | D:2      | Found the +15 Maxwell's patent armour {-Cast -Tele rElec
                  | MR+ rCorr}
  2643 | D:3      | Found a sacrificial altar of Ru.
  2858 | D:3      | Reached XP level 6. HP: 50/50 MP: 6/6
  3005 | D:3      | Reached skill level 3 in Fighting
  3116 | D:3      | Found a radiant altar of Vehumet.
  3116 | D:3      | Found an ornate altar of the Wu Jian Council.
  3300 | D:3      | Found a shimmering altar of Xom.
  3332 | D:3      | Reached skill level 1 in Armour
  3811 | D:3      | Reached XP level 7. HP: 55/58 MP: 7/7
  4300 | D:4      | Reached skill level 4 in Fighting
  4710 | D:4      | Reached skill level 1 in Throwing
  4989 | D:4      | Noticed Eustachio
  5033 | D:4      | Killed Eustachio
  5034 | D:4      | Reached skill level 5 in Fighting
  5034 | D:4      | Reached XP level 8. HP: 59/68 MP: 8/8
  5075 | D:4      | Noticed Edmund
  5088 | D:4      | Killed Edmund
  5305 | D:4      | Found a blossoming altar of Fedhas.
  5449 | D:4      | Found an opulent altar of Gozag.
  5674 | D:5      | Entered Level 5 of the Dungeon
  5859 | D:5      | Noticed a troll
  5882 | D:5      | Killed a troll
  5883 | D:5      | Reached skill level 6 in Fighting
  5883 | D:5      | Reached skill level 5 in Armour
  5993 | D:5      | Reached XP level 9. HP: 63/78 MP: 9/9
  6118 | D:5      | Found a shimmering altar of Xom.
  6118 | D:5      | Noticed an angel
  6127 | D:5      | Found a glowing silver altar of Zin.
  6585 | D:6      | Reached skill level 7 in Fighting
  6632 | D:6      | Found a snail-covered altar of Cheibriados.
  6673 | D:6      | Found a stormy altar of Qazlal.
  6712 | D:6      | Noticed a troll
  6732 | D:6      | Killed a troll
  6893 | D:6      | Found a glowing golden altar of the Shining One.
  6893 | D:6      | Found a sparkling altar of Nemelex Xobeh.
  6998 | D:6      | Noticed Blork the orc
  7009 | D:6      | Killed Blork the orc
  7865 | D:7      | Found a staircase to the Ecumenical Temple.
  7930 | Temple   | Entered the Ecumenical Temple
  8211 | D:7      | Reached skill level 8 in Fighting
  8486 | D:8      | Reached XP level 10. HP: 83/88 MP: 10/10
  8787 | D:8      | Noticed a two-headed ogre
  9205 | D:8      | Reached skill level 9 in Fighting
  9271 | D:8      | Found a staircase to the Lair.
  9346 | D:8      | Noticed a two-headed ogre
  9360 | D:8      | Killed a two-headed ogre
  9386 | D:8      | Killed a two-headed ogre
  9387 | D:8      | Reached XP level 11. HP: 85/99 MP: 11/11
  9445 | D:8      | Reached skill level 10 in Fighting
  9750 | D:8      | Reached skill level 5 in Throwing
 10309 | D:9      | Found Leanoen's Armour Boutique.
 10332 | D:9      | Bought a +1 helmet of see invisible for 214 gold pieces
 10622 | D:9      | Found an iron altar of Okawaru.
 10629 | D:9      | Became a worshipper of Warmaster Okawaru
 10768 | D:9      | Reached skill level 1 in Invocations
 10884 | D:10     | Entered Level 10 of the Dungeon
 10884 | D:10     | Noticed a two-headed ogre
 10890 | D:10     | Killed a two-headed ogre
 10890 | D:10     | Reached * piety under Okawaru
 10924 | D:10     | Noticed a five-headed hydra
 10980 | D:10     | Killed a five-headed hydra
 10981 | D:10     | Reached skill level 10 in Armour
 11288 | D:10     | Reached ** piety under Okawaru
 11289 | D:10     | Reached skill level 11 in Fighting
 11713 | D:10     | Noticed a brown ugly thing
 11727 | D:10     | Killed a brown ugly thing
 11879 | D:10     | Reached skill level 1 in Evocations
 11919 | D:10     | Reached *** piety under Okawaru
 11920 | D:10     | Reached XP level 12. HP: 86/110 MP: 13/15
 12187 | D:10     | Found Etacs's Armour Boutique.
 12380 | D:11     | Found a staircase to the Orcish Mines.
 12675 | D:11     | Noticed a two-headed ogre
 12676 | D:11     | Noticed Erica
 12690 | D:11     | Killed a two-headed ogre
 12691 | D:11     | Reached skill level 5 in Invocations
 12705 | D:11     | Killed Erica
 12705 | D:11     | Reached **** piety under Okawaru
 12846 | Lair:1   | Entered Level 1 of the Lair of Beasts
 13034 | Lair:1   | Reached skill level 12 in Fighting
 13042 | Lair:1   | Received a gift from Okawaru
 13427 | Lair:1   | Reached ***** piety under Okawaru
 13919 | Lair:2   | Received a gift from Okawaru
 13964 | Lair:2   | Got a jewelled quarterstaff {god gift}
 13970 | Lair:2   | Identified the amulet of Fedhas's Condemnation {Reflect
                  | Int+4 SH+3} (You acquired it on level 2 of the Lair of
                  | Beasts)
 14113 | Lair:2   | Found a hole to the Spider Nest.
 14133 | Lair:2   | Reached XP level 13. HP: 96/119 MP: 18/18
 14191 | Lair:2   | Noticed Harold
 14228 | Lair:2   | Gained mutation: Your magical capacity is low. (-10% MP)
                  | [potion of mutation]
 14228 | Lair:2   | Gained mutation: You can translocate small distances at
                  | will. [potion of mutation]
 14228 | Lair:2   | Gained mutation: You are agile. (Dex +2) [potion of
                  | mutation]
 14228 | Lair:2   | Gained mutation: You have sharp toenails. [potion of
                  | mutation]
 14233 | Lair:2   | Killed Harold
 14348 | Lair:2   | Identified the +11 quarterstaff of Cocytus {protect, -Tele
                  | Dex+5} (Okawaru gifted it to you on level 2 of the Lair of
                  | Beasts)
 14538 | Lair:2   | Reached skill level 13 in Fighting
 14970 | Spider:1 | Entered Level 1 of the Spider Nest
 15225 | Lair:3   | Received a gift from Okawaru
 15526 | Lair:3   | Noticed Kirke
 15570 | Lair:3   | Killed Kirke
 16429 | Lair:4   | Reached skill level 5 in Dodging
 16762 | Lair:4   | Received a gift from Okawaru
 16775 | Lair:4   | Identified the cursed +2 short sword of the People {speed,
                  | rPois Str+6 Int-5 Stlth+} (You found it on level 4 of the
                  | Lair of Beasts)
 16982 | Lair:4   | Found a staircase to the Shoals.
 17528 | Lair:5   | Reached XP level 14. HP: 124/130 MP: 18/18
 17651 | Lair:5   | Received a gift from Okawaru
 17655 | Lair:5   | Reached skill level 14 in Fighting
 17670 | Lair:5   | Identified the +3 great sword of the Spinneret {drain, MP+9
                  | Str+6 Dex-4} (Okawaru gifted it to you on level 5 of the
                  | Lair of Beasts)
 17830 | Lair:5   | Found a snail-covered altar of Cheibriados.
 18328 | Lair:5   | Found a viscous altar of Jiyva.
 18328 | Lair:5   | Found a staircase to the Slime Pits.
 18727 | Lair:6   | Entered Level 6 of the Lair of Beasts
 18916 | Lair:6   | Received a gift from Okawaru
 19127 | Lair:6   | Reached ****** piety under Okawaru
 19206 | Lair:6   | Found a shimmering blue altar of Sif Muna.
 19456 | Lair:6   | Reached skill level 5 in Evocations
 19470 | Lair:6   | Received a gift from Okawaru
 19508 | Lair:6   | Identified the +10 quarterstaff "ETAOIN SHRDLU" {vamp,
                  | MR++} (You found it on level 6 of the Lair of Beasts)
 19772 | Lair:6   | Received a gift from Okawaru
 19782 | Lair:6   | Found a large runed door.
 19783 | Lair:6   | Found a large runed door.
 20016 | Lair:6   | Found a burning altar of Makhleb.
 20065 | Lair:6   | Received a gift from Okawaru
 20100 | Lair:6   | Found a gateway to Hell.
 20495 | D:11     | Reached skill level 5 in Stealth
 20527 | D:11     | Found a gate to the Vaults.
 20580 | D:11     | Identified the cursed ring "Ekoqum" {Ice +Inv}
 20580 | D:11     | Noticed Fannar
 20593 | D:11     | Killed Fannar
 20659 | D:11     | Reached XP level 15. HP: 109/139 MP: 19/19
 21492 | D:12     | Entered Level 12 of the Dungeon
 21494 | D:12     | Found a hide-covered altar of Uskayaw.
 21525 | D:12     | Reached skill level 15 in Fighting
 21623 | D:12     | HP: 3/141 [two-headed ogre/+0 giant club (5)]
 21711 | D:12     | Received a gift from Okawaru
 22496 | D:12     | Found a staircase to the Depths.
 22571 | D:12     | Reached skill level 10 in Invocations
 22747 | Orc      | Entered the Orcish Mines
 22759 | Orc      | Noticed Urug
 22785 | Orc      | Killed Urug
 22818 | Orc      | Found a staircase to the Elven Halls.
 22873 | Orc      | Found Beotitorr's Gadget Shoppe.
 23744 | Orc      | Found Bauce's Assorted Antiques.
 23746 | Orc      | Found Zetsy's Weapon Boutique.
 23756 | Orc      | Found Fuqaiv's Magic Scroll Boutique.
 23891 | Vaults:1 | Entered Level 1 of the Vaults
 24084 | Vaults:1 | Received a gift from Okawaru
 24355 | Vaults:1 | Noticed a vault warden
 24367 | Vaults:1 | Killed a vault warden
 24367 | Vaults:1 | Received a gift from Okawaru
 24368 | Vaults:1 | Reached XP level 16. HP: 144/151 MP: 21/21
 24471 | Vaults:1 | Identified the ring "Firror" {*Tele rPois}
 24883 | D:11     | Reached skill level 16 in Fighting
 24887 | D:11     | Received a gift from Okawaru
 25354 | Vaults:1 | Received a gift from Okawaru
 25751 | Vaults:1 | Received a gift from Okawaru
 26271 | Vaults:1 | Found Tegisir's Antique Armour Shoppe.
 26375 | Vaults:1 | Received a gift from Okawaru
 26376 | Vaults:1 | Reached XP level 17. HP: 143/160 MP: 22/22
 26505 | Vaults:2 | Received a gift from Okawaru
 26512 | Vaults:2 | Got an ichor-stained crystal plate armour {god gift}
 26541 | Vaults:1 | Identified the +2 crystal plate armour of Temperance
                  | {rElec} (Okawaru gifted it to you on level 2 of the Vaults)
 27189 | Vaults:2 | Killed from afar by a frost giant

Skill      XL: |  1  2  3  4  5  6  7  8  9 10 11 12 13 14 15 16 17 |
---------------+----------------------------------------------------+-----
Stealth        | 3 4 5 6 |  6.9
Dodging        | 3 4 5 6 7 |  7.6
Fighting       | 2 3 5 6 8 9 11 12 13 14 15 16 | 16.8
Armour         | 1 3 5 7 9 10 11 12 13 14 | 14.0
Throwing       | 1 2 3 4 5 6 7 8 9 |  9.4
Invocations    | 4 7 8 9 10 11 | 11.5
Evocations     | 1 2 4 5 6 7 |  7.5
Short Blades   | | 16.8
Long Blades    | | 16.8
Axes           | | 16.8
Maces & Flails | | 16.8
Polearms       | | 16.8
Staves         | | 16.8
Unarmed Combat | | 16.8

Action                   |  1- 3 |  4- 6 |  7- 9 | 10-12 | 13-15 | 16-18 || total
-------------------------+-------+-------+-------+-------+-------+-------++-------
Melee: Whip              |    69 |       |       |       |       |       ||    69
       Mace              |    90 |       |       |       |       |       ||    90
       Flail             |    12 |   394 |   383 |    41 |       |       ||   830
       Punch             |     2 |     6 |    14 |     3 |       |       ||    25
       Morningstar       |       |       |    65 |     8 |       |       ||    73
       Broad axe         |       |       |   216 |   126 |       |       ||   342
       Battleaxe         |       |       |       |   607 |    31 |       ||   638
       Quarterstaff      |       |       |       |       |  1496 |   679 ||  2175
Throw: Tomahawk          |       |     5 |    38 |    32 |       |       ||    75
       Javelin           |       |       |     5 |    10 |    24 |    16 ||    55
Invok: Heroism           |       |       |       |     5 |    14 |     5 ||    24
       Finesse           |       |       |       |       |     6 |     3 ||     9
Evoke: Wand              |       |       |       |     8 |       |       ||     8
  Use: Scroll            |       |     1 |     3 |     3 |    17 |     2 ||    26
       Potion            |       |       |       |     1 |     6 |       ||     7
 Stab: Sleeping          |     3 |     2 |       |       |       |       ||     5
  Eat: Chunk             |     8 |    12 |    26 |    34 |    52 |    18 ||   150
       Ration            |       |     2 |     3 |     7 |     2 |       ||    14
Armor: Robe              |    64 |    22 |       |       |       |       ||    86
       Plate armour      |       |   477 |   777 |   833 |   938 |   423 ||  3448
Dodge: Dodged            |   151 |   188 |   245 |   389 |   647 |   305 ||  1925
